 Dungeon Crawl Stone Soup version 0.14.2 (webtiles) character file.

357 Arkorax the Slasher (level 5, -4/46 HPs)
             Began as a Demigod Gladiator on Dec 17, 2015.
             Killed by nerve-wracking pain
             ... invoked by Grinder
              (8 damage)
             ... on Level 4 of the Dungeon on Jan 5, 2016.
             The game lasted 00:03:43 (2436 turns).

Arkorax the Slasher (Demigod Gladiator)             Turns: 2436, Time: 00:03:43

HP  -4/46        AC 11     Str 20      XL: 5   Next: 60%
MP   8/8         EV 10     Int 13      God:
Gold 102         SH  0     Dex 21      Spells:  0 memorised,  4 levels left

rFire  . . .     SeeInvis .     a - +0 long sword
rCold  . . .     Clarity  .     p - +0 plate armour (curse)
rNeg   . . .     Conserve .     (no shield)
rPois  .         rCorr    .     c - +0 helmet
rElec  .         rRot     .     (no cloak)
SustAb . .       Spirit   .     (no gloves)
rMut   .         Warding  .     (no boots)
Saprov . . .     Stasis   .     (no amulet)
MR     .....                    (no ring)
                                (no ring)

@: agile, flying, not resistant to hostile enchantments, extremely unstealthy
A: no striking features
a: no special abilities


You were on level 4 of the Dungeon.
You were hungry.

You visited 1 branch of the dungeon, and saw 4 of its levels.

You collected 102 gold pieces.

Inventory:

Hand weapons
 a - a +0,+0 long sword (weapon)
Missiles
 d - 3 throwing nets (quivered)
Armour
 c - a +0 helmet (worn)
 p - a cursed +0 plate armour (worn)
Comestibles
 f - a bread ration
 s - 3 pears
Scrolls
 e - a scroll of random uselessness {unknown}
 i - a scroll of fog {unknown}
 j - a scroll of enchant armour {unknown}
 l - 2 scrolls of identify {unknown}
 m - a scroll of fear {unknown}
 q - 2 scrolls of remove curse {unknown}
 t - 2 scrolls of noise {unknown}
 v - 2 scrolls of enchant weapon II {unknown}
Jewellery
 n - an uncursed ring of protection from magic {unknown}
 r - an uncursed ring of positive energy {unknown}
 y - an uncursed ring of teleport control {unknown}
Potions
 h - a potion of brilliance {unknown}
 k - a potion of magic
 u - a potion of resistance {unknown}


   Skills:
 + Level 4.1 Fighting
 + Level 4.7 Long Blades
 - Level 1.7 Throwing
 - Level 2.6 Dodging


You had 4 spell levels left.
You didn't know any spells.

Dungeon Overview and Level Annotations

Branches:
Dungeon (4/15)
 Temple: D:4-7

Annotations:
D:4 Grinder


Message History

* * * LOW HITPOINT WARNING * * *
You are too injured to fight recklessly!
You hit Grinder.
Grinder is heavily wounded.
Grinder gestures.
Grinder blinks!
Grinder gestures at you.
You suddenly lose the ability to move!
You can move again.
You aren't carrying any items that can be evoked.
You closely miss Grinder.
Grinder is moderately wounded.
Grinder gestures at you. Pain shoots through your body!
* * * LOW HITPOINT WARNING * * *
You hit Grinder but do no damage.
Grinder is moderately wounded.
Grinder gestures at you. Pain shoots through your body!
You die...

#. #. #. #. #. #.
#######################.
.........................
........@................
.........5.........%.....
.........................
.........................
.........................
........................
........................
........................
.................(.....


You could see Grinder.

Vanquished Creatures
  A human (D:2)
  5 adders
  4 giant geckos
  An ooze (D:2)
  6 orcs (D:3)
  2 bats (D:2)
  2 giant cockroaches
  6 goblins
  7 hobgoblins
  6 kobolds
  A ball python (D:3)
  A giant newt (D:2)
  2 goblin skeletons (D:2)
  4 rats
48 creatures vanquished.

Notes
Turn   | Place    | Note
--------------------------------------------------------------
     0 | D:1      | Arkorax, the Demigod Gladiator, began the quest for the Orb.
     0 | D:1      | Reached XP level 1. HP: 17/17 MP: 2/2
    68 | D:1      | Found a sparkling altar of Nemelex Xobeh.
   287 | D:1      | Reached skill level 3 in Long Blades
   289 | D:1      | Reached XP level 2. HP: 22/24 MP: 3/3
   895 | D:2      | Noticed a human
   902 | D:2      | Found a basalt altar of Yredelemnul.
   936 | D:2      | Killed a human
   936 | D:2      | Reached skill level 4 in Long Blades
   936 | D:2      | Reached XP level 3. HP: 4/33 MP: 5/5
   936 | D:2      | Reached XP level 4. HP: 4/40 MP: 7/7
   936 | D:2      | Reached XP level 5. HP: 4/46 MP: 8/8
  1611 | D:3      | Found a shadowy altar of Dithmenos.
  2385 | D:4      | Noticed Grinder
  2410 | D:4      | Paralysed by Grinder for 7 turns
  2420 | D:4      | Paralysed by a potion of paralysis for 6 turns
  2430 | D:4      | Paralysed by Grinder for 5 turns
  2436 | D:4      | Killed from afar by Grinder

Action                   |  1- 3 |  4- 6 || total
-------------------------+-------+-------++-------
Melee: Long sword        |   105 |   100 ||   205
  Use: Potion            |       |     8 ||     8
